 Dungeon Crawl Stone Soup version 0.21-a0-513-gdcb3f5e (webtiles) character file.

4622 slep the Cleaver (level 10, 0/84 HPs)
             Began as a Minotaur Gladiator on Dec 3, 2017.
             Was a Priest of Okawaru.
             Succumbed to a killer bee's poison
             ... on level 8 of the Dungeon.
             The game lasted 00:23:30 (5570 turns).

slep the Cleaver (Minotaur Gladiator)               Turns: 5570, Time: 00:23:31

Health: 0/84       AC: 16    Str: 20    XL:     10   Next: 19%
Magic:  9/9        EV: 13    Int:  9    God:    Okawaru [***...]
Gold:   647        SH: 10    Dex: 14    Spells: 9/9 levels left

rFire    . . .     SeeInvis .   E - +2 war axe "Bakhoaqa" {pain, +Inv Int+4 Stlth+}
rCold    + . .     Gourm    .   w - +0 shield
rNeg     . . .     Faith    .   y - +2 ring mail {rC+}
rPois    .         Spirit   .   c - +0 hat
rElec    .         Reflect  .   (no cloak)
rCorr    .         Harm     .   (no gloves)
MR       .....     Rnd*Tele +   (no boots)
Stlth    ++........             (no amulet)
HPRegen  0.24/turn              x - ring of Robustness {AC+8}
MPRegen  0.11/turn              G - ring of teleportation (curse)

@: lethally poisoned (0 -> -4)
A: retaliatory headbutt, horns 2, screaming 1
a: Heroism, Renounce Religion, Evoke Invisibility


You were on level 8 of the Dungeon.
You worshipped Okawaru.
Okawaru was most pleased with you.
You were near starving.

You visited 2 branches of the dungeon, and saw 9 of its levels.

You collected 647 gold pieces.

Inventory:

Hand Weapons
 a - a +0 war axe
 E - the +2 war axe "Bakhoaqa" (weapon) {pain, +Inv Int+4 Stlth+}
   (You found it on level 6 of the Dungeon)

   In the hands of one skilled in necromantic magic, it inflicts extra damage on
   living creatures.
   It affects your intelligence (+4).
   It lets you turn invisible.
   It makes you more stealthy.
Missiles
 d - 5 throwing nets (quivered)
Armour
 b - a +0 leather armour
 c - a +0 hat (worn)
 j - a +0 scale mail
 w - a +0 shield (worn)
 y - a +2 ring mail of cold resistance (worn)
 F - a +3 leather armour
Jewellery
 x - the ring of Robustness (left hand) {AC+8}
   (You found it on level 4 of the Dungeon)

   [ring of protection]

   It affects your AC (+8).
 G - a cursed ring of teleportation (right hand)
 H - an uncursed ring of magical power {unknown}
Wands
 q - a wand of polymorph (18)
 A - a wand of enslavement (6)
 D - a wand of random effects (43)
 M - a wand of digging (13)
 N - a wand of flame (23)
Scrolls
 e - 7 scrolls of identify {unknown}
 g - 2 scrolls of immolation {unknown}
 k - 5 scrolls of remove curse {unknown}
 l - 2 scrolls of magic mapping {unknown}
 n - 5 scrolls of enchant weapon {unknown}
 o - 2 scrolls of amnesia {unknown}
 p - 2 scrolls of blinking {unknown}
 s - 3 scrolls of teleportation {unknown}
 v - 3 scrolls of enchant armour {unknown}
 C - 2 scrolls of fog {unknown}
 J - 2 scrolls of random uselessness {unknown}
Potions
 h - a potion of haste
 i - 3 potions of degeneration {unknown}
 r - a potion of heal wounds
 t - a potion of brilliance {unknown}
 u - 4 potions of curing
 z - 2 potions of cancellation
 K - a potion of magic {unknown}
 P - a potion of invisibility {unknown}
Books
 L - a book of Callings

   Spells                             Type                      Level
   a - Summon Small Mammal            Summoning                    1
   b - Call Imp                       Summoning                    2
   c - Call Canine Familiar           Summoning                    3
   d - Summon Guardian Golem          Hexes/Summoning              3
   e - Summon Lightning Spire         Summoning/Air                4
   f - Summon Ice Beast               Ice/Summoning                4
Comestibles
 f - 8 bread rations
 m - 2 fruits
 B - 3 royal jellies
 I - a meat ration


   Skills:
 + Level 6.8 Fighting
 + Level 12.4 Axes
 + Level 2.2 Throwing
 + Level 5.7 Armour
 + Level 6.6 Dodging
 + Level 2.4 Stealth
 + Level 6.1 Shields


You had 9 spell levels left.
You didn't know any spells.

Dungeon Overview and Level Annotations

Branches:
Dungeon (8/15)             Temple (1/1) D:5
   Lair: D:8-11

Altars:
Ashenzari
Cheibriados
Dithmenos
Elyvilon
Fedhas
Gozag
Hepliaklqana
Kikubaaqudgha
Makhleb
Nemelex Xobeh
Okawaru
Qazlal
Ru
Sif Muna
Trog
Uskayaw
Vehumet
Wu Jian
Xom
Yredelemnul
Zin
The Shining One

Shops:
D:4 =


Innate Abilities, Weirdness & Mutations

You reflexively headbutt those who attack you in melee.
You have a pair of horns on your head.
You occasionally shout uncontrollably at your foes.


Message History

Maurice hits you with a dagger of freezing.
* * * LOW HITPOINT WARNING * * *
Maurice steals 4 of your 7 scrolls labeled BICSOF VIMM!
You hit Maurice. Your headbutt misses Maurice.
Maurice is almost dead.
* * * LOW HITPOINT WARNING * * *
You feel sick.
You barely miss Maurice.
Maurice is almost dead.
Maurice casts a spell.
Maurice flickers and vanishes!
Deactivating autopickup; reactivate with Ctrl-A.
You slash something! Okawaru accepts your kill.
Reactivating autopickup.
Your Shields skill increases to level 6!
You feel a bit more experienced.
* * * LOW HITPOINT WARNING * * *
You feel sick.
You die...

#......... .#
#......... ..+
#.......#####...#
###......).#....#
...........#.##
###.....<.....#
#.###......#..#
#†#†......####
#@##...........
#%#†#....######.
#.#†##....# #%#.#
#....# #.#%#
...### ##.# #...#
## ....#


There were no monsters in sight!

Vanquished Creatures
  Maurice (D:8)
  A queen bee (D:8)
  A hippogriff (D:7)
  Grinder (D:3)
  Eustachio (D:4)
  An orc warrior (D:7)
  6 sky beasts
  The ghost of djmy96 the Slasher, an amateur MiMo of Okawaru (D:3)
  A black bear (D:7)
  A necrophage (D:6)
  An ice beast (D:6)
  2 ogres
  A centaur (D:5)
  A bullfrog (D:7)
  A gnoll sergeant (D:7)
  A water moccasin zombie (D:7)
  16 killer bees (D:8)
  2 howler monkeys
  3 crimson imps
  2 hounds (D:5)
  A quasit (D:6)
  3 orc priests
  9 orc wizards
  Terence (D:2)
  2 iguanas
  7 worker ants
  15 gnolls
  13 adders
  A shadow imp (D:5)
  2 oozes
  An adder zombie (D:6)
  3 worms (D:2)
  3 dart slugs
  4 leopard geckos
  27 orcs
  3 ball pythons
  6 bats
  8 giant cockroaches
  7 goblins
  11 hobgoblins
  4 jackals (D:6)
  5 quokkas
  9 frilled lizards
  A jackal skeleton (D:4)
  4 kobolds
  2 leopard gecko skeletons
  A leopard gecko zombie (D:5)
  6 rats
204 creatures vanquished.

Vanquished Creatures (others)
  The ghost of koshka the Magician, a novice DEAE (D:6)
1 creature vanquished.

Grand Total: 205 creatures vanquished

Notes
Turn   | Place    | Note
-------+----------+-------------------------------------------
     0 | D:1      | slep the Minotaur Gladiator began the quest for the Orb.
     0 | D:1      | Reached XP level 1. HP: 18/18 MP: 0/0
    63 | D:1      | Reached XP level 2. HP: 25/25 MP: 1/1
   135 | D:1      | Reached skill level 4 in Axes
   646 | D:2      | Reached XP level 3. HP: 29/30 MP: 2/2
   678 | D:2      | Found an opulent altar of Gozag.
   715 | D:2      | Found a shattered altar of Ashenzari.
   778 | D:2      | Reached skill level 1 in Armour
   939 | D:2      | Noticed Terence
   944 | D:2      | Killed Terence
   944 | D:2      | Reached XP level 4. HP: 35/37 MP: 3/3
  1163 | D:2      | Reached skill level 5 in Axes
  1322 | D:3      | Noticed djmy96's ghost (amateur MiMo)
  1346 | D:4      | Reached XP level 5. HP: 33/45 MP: 4/4
  1485 | D:4      | Found the ring of Robustness {AC+8}
  1535 | D:4      | Found a sacrificial altar of Ru.
  1551 | D:4      | Found Fyl Job's Jewellery Shop.
  1811 | D:4      | Noticed an ogre
  1818 | D:4      | Killed an ogre
  1818 | D:4      | Reached skill level 6 in Axes
  1818 | D:4      | Reached XP level 6. HP: 30/51 MP: 5/5
  1843 | D:4      | Noticed Eustachio
  1885 | D:5      | Entered Level 5 of the Dungeon
  1982 | D:5      | Noticed a sky beast
  1990 | D:5      | Reached skill level 7 in Axes
  1998 | D:5      | Killed a sky beast
  1998 | D:5      | Reached XP level 7. HP: 53/59 MP: 6/6
  2009 | D:5      | Reached skill level 1 in Shields
  2029 | D:5      | Reached skill level 8 in Axes
  2041 | D:5      | Gained mutation: Your muscles are strong. (Str +2) [mutagenic meat]
  2042 | D:5      | Lost mutation: Your muscles are strong. (Str +2) [mutagenic meat]
  2043 | D:5      | Gained mutation: You evolve. [mutagenic meat]
  2044 | D:5      | Lost mutation: You evolve. [mutagenic meat]
  2045 | D:5      | Gained mutation: You occasionally shout uncontrollably at your foes. [mutagenic meat]
  2136 | D:5      | Reached skill level 5 in Dodging
  2181 | D:5      | Found a staircase to the Ecumenical Temple.
  2237 | Temple   | Entered the Ecumenical Temple
  2306 | Temple   | Became a worshipper of Warmaster Okawaru
  2719 | D:4      | Killed Eustachio
  2719 | D:4      | Reached XP level 8. HP: 57/67 MP: 7/7
  2806 | D:3      | Reached skill level 9 in Axes
  3018 | D:3      | Killed djmy96's ghost
  3018 | D:3      | Reached * piety under Okawaru
  3165 | D:3      | Noticed Grinder
  3190 | D:3      | Killed Grinder
  3190 | D:3      | Reached skill level 5 in Fighting
  3456 | D:3      | Reached skill level 10 in Axes
  4045 | D:6      | Reached ** piety under Okawaru
  4045 | D:6      | Reached skill level 1 in Stealth
  4047 | D:6      | Noticed koshka's ghost (novice DEAE)
  4064 | D:6      | Killed koshka's ghost
  4064 | D:6      | Reached XP level 9. HP: 22/74 MP: 8/8
  4139 | D:6      | Reached skill level 11 in Axes
  4455 | D:6      | Found a stormy altar of Qazlal.
  4465 | D:6      | Got a brightly glowing war axe
  4466 | D:6      | Identified the +2 war axe "Bakhoaqa" {pain, +Inv Int+4 Stlth+} (You found it on level 6 of the Dungeon)
  4475 | D:6      | Found a shattered altar of Ashenzari.
  4720 | D:7      | Reached skill level 5 in Shields
  4737 | D:7      | Reached skill level 5 in Armour
  4782 | D:7      | Found a burning altar of Makhleb.
  4833 | D:7      | Reached *** piety under Okawaru
  5242 | D:6      | Found a white marble altar of Elyvilon.
  5242 | D:6      | Found a snail-covered altar of Cheibriados.
  5245 | D:6      | Found a hazy altar of Hepliaklqana.
  5492 | D:8      | Noticed a queen bee
  5503 | D:8      | Reached skill level 12 in Axes
  5530 | D:8      | Killed a queen bee
  5540 | D:8      | Reached XP level 10. HP: 36/84 MP: 9/9
  5549 | D:8      | Received a gift from Okawaru
  5557 | D:8      | Noticed Maurice
  5566 | D:8      | HP: 2/84 [Maurice/dagger of freezing (6)]
  5569 | D:8      | Killed Maurice
  5570 | D:8      | Succumbed to a killer bee's poison

Vault maps used:
D:1:      mrwooster_arrival_statue_2, item_on_display_a
D:2:      grunt_gozag_statues, nicolae_ashenzari_panopticon, uniq_terence
D:3:      first_bread, uniq_grinder
D:4:      serial_shops, nicolae_shop_trees, nicolae_ru_awakened_eye,
          uniq_eustachio
D:5:      cheibrodos_fzero, minmay_temple_entry_statues
D:6:      nicolae_overflow_hidden_temple, nicolae_lava_and_water
D:7:      wad_river_or_something, basic_altar
D:8:      minmay_lair_entry_lava, serial_glass, glass_columns_a,
          glass_columns_a, st_stairs_14, david_nohive_1, minmay_holes,
          kennysheep_dice, uniq_maurice
Temple:   nicolae_temple_elliptical

Skill      XL: |  1  2  3  4  5  6  7  8  9 10 |
---------------+-------------------------------+-----
Axes           | 4 5 6 7 8 10 12 | 12.4
Armour         | 1 2 3 4 5 |  5.7
Fighting       | 3 4 5 6 |  6.8
Dodging        | 4 5 6 |  6.6
Shields        | 2 4 5 6 |  6.1
Stealth        | 1 2 |  2.4
Throwing       | |  2.2

Action                   |  1- 3 |  4- 6 |  7- 9 | 10-12 || total
-------------------------+-------+-------+-------+-------++-------
Melee: War axe           |    67 |    96 |   375 |    28 ||   566
       Headbutt          |    11 |    15 |    81 |     4 ||   111
  Use: Potion            |       |     1 |     3 |       ||     4
 Stab: Sleeping          |       |       |     4 |       ||     4
       Distracted        |       |       |     1 |       ||     1
  Eat: Chunk             |       |     4 |    15 |       ||    19
Armor: Scale mail        |    19 |    31 |       |       ||    50
       Leather armour    |     3 |       |       |       ||     3
       Ring mail         |       |    20 |   176 |    13 ||   209
Dodge: Dodged            |    43 |    66 |   204 |    15 ||   328
Block: Shield            |       |    21 |   189 |    17 ||   227

Table legend:
 A = Spawn XP
 B = Non-spawn XP
 C = Spawn XP percentage of total XP
 D = Spawn monster count
 E = Non-spawn monster count
 F = Spawn count percentage of total count
 G = Total turns spent on level
                    A         B        C        D         E        F      G
               +---------+---------+-------+---------+---------+-------+---------
         Total |       0 |    6603 |   0.0 |       0 |     205 |   0.0 |  5570
               +---------+---------+-------+---------+---------+-------+---------
           D:1 |       0 |      37 |   0.0 |       0 |      20 |   0.0 |   584
           D:2 |       0 |     106 |   0.0 |       0 |      23 |   0.0 |   672
           D:3 |       0 |     807 |   0.0 |       0 |      47 |   0.0 |   891
           D:4 |       0 |     546 |   0.0 |       0 |      17 |   0.0 |  1079
           D:5 |       0 |     941 |   0.0 |       0 |      26 |   0.0 |   719
           D:6 |       0 |    1120 |   0.0 |       0 |      30 |   0.0 |   512
           D:7 |       0 |    1278 |   0.0 |       0 |      24 |   0.0 |   948
           D:8 |       0 |    1768 |   0.0 |       0 |      18 |   0.0 |    78
               +---------+---------+-------+---------+---------+-------+---------
